AoeStats
← [KMNB] Bandeira

Lombardia

507714873Analyzed
3v3 RM · 14d ago on Sep 19, 2026· 25m 1s· 6 players
Game mode
Random Map
Map size
Normal (6 player)
Population
200
Speed
Normal
Resources
Standard
Victory
Conquest
Starting age
Dark Age
Ending age
Imperial Age
RankedLock teamsTeams togetherTeam positionsShared explorationLock speedFull tech treeHidden civsTurbo modeCheats
Victory
Defeat
🇧🇷 Ethiopians · Brazil
1602
+20
🇧🇷 Magyars · Brazil
1504
+24
🇧🇷 Mongols · Brazil
1420
+25
🇹🇼 Ethiopians · Taiwan
1783
-27
🇹🇼 Mongols · Taiwan
1748
-25
🇹🇼 Franks · Taiwan
1524
-17
星空夜羽
9:06 Loom
10:59 Feudal Age
11:52 Double-Bit Axe
11:48 Horse Collar
17:24 Castle Age
18:13 Fletching
17:47 Crossbowman
liang0312
3:11 Loom
12:51 Feudal Age
16:42 Castle Age
18:10 Fletching
18:07 Loom
19:23 Bodkin Arrow
TATTOO
9:20 Loom
11:05 Feudal Age
15:50 Castle Age
14:24 Double-Bit Axe
16:45 Bow Saw
18:42 Town Watch
24:02 Wheelbarrow
[KMNB] Bandeira
6:22 Loom
9:14 Feudal Age
10:12 Double-Bit Axe
11:34 Horse Collar
18:03 Wheelbarrow
19:32 Castle Age
19:14 Bloodlines
18:56 Gold Mining
19:14 Scale Barding Armor
19:46 Wheelbarrow
21:11 Chain Barding Armor
24:15 Bow Saw
25:26 Husbandry
Fs.Khronos
9:03 Feudal Age
8:36 Loom
9:31 Double-Bit Axe
13:20 Fletching
21:38 Castle Age
20:03 Padded Archer Armor
20:35 Gold Mining
20:26 Horse Collar
21:43 Crossbowman
22:19 Bodkin Arrow
22:34 Bow Saw
22:46 Heavy Plow
[KMNB] Dedão
6:46 Loom
8:48 Feudal Age
10:37 Double-Bit Axe
10:33 Horse Collar
13:00 Forging
14:54 Wheelbarrow
19:41 Castle Age
18:44 Gold Mining
19:08 Bloodlines
21:03 Stone Mining
22:45 Bow Saw
24:15 Hand Cart
24:20 Town Watch
24:29 Fletching
24:43 Husbandry
Connection lost

Rejoining the realm…

Still unreachable

The connection could not be restored.

Session expired

The server has moved on; the page needs a fresh start.